[Event "Early-Titled-Tuesday-Blitz-October-24-2023"]
[Site "Chess.com"]
[Date "2023.10.24"]
[Round "5"]
[White "El_Matador12"]
[Black "esrosenberg"]
[Result "0-1"]
[WhiteElo "2575"]
[BlackElo "2468"]
[TimeControl "180+1"]
[EndTime "8:56:55 PDT"]
[Termination "esrosenberg won by resignation"]

1. d4 d5 2. Bg5 h6 3. Bh4 c6 4. e3 Qb6 5. Bd3 Qxb2 6. Nd2 Qb6 7. Ngf3 Bg4 8. O-O e6 9. c4 Qc7 10. Qc2 Be7 11. Bg3 Bd6 12. Bxd6 Qxd6 13. Ne5 Nf6 14.
h3 Bf5 15. Bxf5 exf5 16. Qxf5 O-O 17. Rab1 b6 18. cxd5 cxd5 19. Rfc1 Qe6 20. Qf4 Nfd7 21.
Ndf3 Nxe5 22. Nxe5 Na6 23. Rc6 Qe7 24. Qg3 Kh7 25.
Rbc1 Rad8 26. Qf3 Kg8 27. Ng4 Rd6 28. Rc8 Rdd8 29. R8c6 Rd6 30. Ne5 Rxc6 31. Nxc6 Qa3 32. Rc2 Nb4 33. Nxb4 Qxb4 34. Kh2 Qd6+ 35. g3 a5 36. Qe2 Rb8 37. Qb5 Kh7 38. Rc6 Qd8 39. Qd3+ g6 40. Qc2 b5 41. Rc7 Kg7 42. Qc6 Qf6 43.
Qxf6+ Kxf6 44. Rc6+ Kf5 45. Kg2 b4 46. Kf3 h5 47. g4+ hxg4+ 48. hxg4+ Kg5 49. Rc5 a4 50. Rxd5+ Kh6 51. Rc5 b3 52. axb3 axb3 53. Rc1 b2 54. Rb1 Kg5 55. Kg3 f5 56. f4+ Kf6 57. g5+ Ke6 58. Kf3 Kd5 59. Ke2 Kc4 60. Kd2 Kb3 61. Kd3 Ka2 62. Rh1 b1=Q+ 63. Rxb1 Kxb1 64. d5 Kb2 65. e4 Rb3+ 66. Kd4 Rb4+ 67. Ke5 fxe4 68. d6 e3 69. d7 Rb8 70. Kf6 e2 71.
Kxg6 e1=Q 72. f5 Qe7 73. f6 Qxd7 74. f7 Rf8 75. Kh6 Qxf7 76. g6 Rh8+ 77. Kg5 Qg7 78. Kf5 Rh6 0-1

[Event "Early-Titled-Tuesday-Blitz-October-24-2023"]
[Site "Chess.com"]
[Date "2023.10.24"]
[Round "5"]
[White "Maluco_do_Natal_00"]
[Black "Chessy222222"]
[Result "1-0"]
[WhiteElo "2022"]
[BlackElo "2270"]
[TimeControl "180+1"]
[EndTime "8:57:14 PDT"]
[Termination "Maluco_do_Natal_00 won by checkmate"]

1. e4 d6 2. d4 Nf6 3. Bd3 Nbd7 4. Nf3 e5 5. c3 Be7 6. h3 O-O 7. Be3 c6 8. O-O Qc7 9. a4 a5 10. Nbd2 Re8 11. Re1 Bf8 12. Qc2 g6 13. Bg5 Bg7 14.
Rad1 h6 15. Bh4 Nh5 16. Bc4 Ndf6 17. dxe5 dxe5 18. Nb3 b6 19. Nc1 g5 20. Bg3 Nxg3 21.
fxg3 Bd7 22. g4 Rad8 23. Ne2 b5 24. axb5 cxb5 25. Ba2 Bc6 26. Ng3 Rxd1 27. Rxd1 Qb7 28. Bb1 b4 29. cxb4 axb4 30. Qc4 Qb5 31. Qb3 Bd7 32. Kh2 Be6 33. Qe3 Bxg4 34. Qd3 Qxd3 35. Rxd3 Bxf3 36. gxf3 Bf8 37. Nf5 Nh5 38. Rd7 Nf4 39. Ba2 Ne6 40. Bxe6 fxe6 41. Nd6 Bxd6 42. Rxd6 Kf7 43. Rb6 Rd8 44. Rxb4 Rd3 45. Kg3 h5 46. Rb7+ Kf6 47. b4 Rb3 48. b5 Rb4 49. b6 Rb2 50. Rb8 Kg7 51. b7 Rb3 52. Kf2 Rb2+ 53. Kg3 Kh7 54. h4 gxh4+ 55. Kxh4 Rh2+ 56. Kg3 Rb2 57. Kh4 Rh2+ 58. Kg5 Rb2 59. Kf6 Rb6 60. Kxe5 Kg7 61. Kf4 h4 62. Kg4 h3 63. Kxh3 e5 64. Kg4 Kf7 65. Kf5 Kg7 66. Kxe5 Rb5+ 67. Kf4 Rb6 68. e5 Rb4+ 69. Kf5 Rb5 70. f4 Rb6 71.
Ke4 Rb4+ 72. Kd5 Rb5+ 73. Kc6 Rb1 74. f5 Rc1+ 75. Kd6 Rd1+ 76. Ke6 Rb1 77. f6+ Kh7 78. Rc8 Rxb7 79. Re8 Rb6+ 80. Kf5 Rb5 81. Re7+ Kg8 82. Rg7+ Kf8 83. Rg1 Rc5 84. Rb1 Rd5 85. Rb7 Ra5 86. Ke6 Ra6+ 87. Kf5 Ra5 88. Kg6 Ra6 89. Rb8# 1-0

[Event "Early-Titled-Tuesday-Blitz-October-24-2023"]
[Site "Chess.com"]
[Date "2023.10.24"]
[Round "5"]
[White "Malev212"]
[Black "jup1978"]
[Result "0-1"]
[WhiteElo "2622"]
[BlackElo "2497"]
[TimeControl "180+1"]
[EndTime "8:57:23 PDT"]
[Termination "jup1978 won on time"]

1. d4 d5 2. c4 e6 3. Nc3 a6 4. Nf3 dxc4 5. a4 Nc6 6. e3 Na5 7.
Ne5 c5 8. Nxc4 cxd4 9. exd4 Nf6 10. Ne5 Be7 11. Bd3 Bd7 12. O-O Bc6 13. Be3 Bd5 14.
Nxd5 Qxd5 15. Rb1 O-O 16. b4 Nc6 17. Bc4 Qd6 18. Bf4 Rfd8 19. Nxc6 Qxc6 20. Be2 Qe4 21. Be3 Nd5 22. Qb3 Rac8 23. Bf3 Qc2 24. Bxd5 Rxd5 25.
Qxc2 Rxc2 26. Rfc1 Rxc1+ 27. Rxc1 h6 28. Rc7 Bxb4 29.
Rxb7 Bc3 30. Kf1 Bxd4 31. Rb8+ Kh7 32. Ra8 Bxe3 33. fxe3 Ra5 34. Ra7 Kg6 35. Ke2 Rxa4 36. Kf3 h5 37. g3 Kf6 38. h4 Ra1 39. Ke4 Rg1 40. Kf3 Rf1+ 41. Ke2 Rg1 42. Kf3 Ra1 43.
Ke4 Kg6 44. Kf3 f6 45. Re7 e5 46. Ra7 a5 47. Ke4 a4 48. Kf3 a3 49. e4 Rf1+ 50. Kg2 Re1 51. Kf3 Ra1 52. Kg2 Ra2+ 53. Kf3 Kh6 54.
Ra6 Kh7 55. Ra7 Ra1 56. Kg2 Kg8 57. Ra8+ Kf7 58. Ra6 a2 59. Kh2 Ke7 60. Kg2 Kd7 61. Kh2 Kc7 62. Kg2 Kb7 63. Ra3 Kb6 64. Ra8 Kc5 65. Ra4 Kb5 66. Ra8 Kc4 67. Ra4+ Kd3 68. Kh2 Rd1 69. Ra3+ Kxe4 70. Rxa2 g5 71. hxg5 fxg5 72.
Re2+ Kf5 73. Ra2 e4 74. Kg2 Rd3 75. Ra8 Rd2+ 76. Kf1 Kg4 77. Re8 Kxg3 78. Rxe4 Rd1+ 79. Ke2 Ra1 80. Re5 Kg4 81. Kf2 h4 82. Kg2 Ra2+ 83.
Kg1 Ra3 84. Rb5 Kf4 85. Kg2 Ra2+ 86. Kg1 h3 87. Rb4+ Kg3 88. Rb3+ Kh4 89. Rb4+ g4 90. Rb3 Rc2 91. Ra3 Rc4 92. Rb3 g3 93. Kf1 Rc1+ 94.
Ke2 h2 95. Rb4+ Kh3 96. Rb8 h1=Q 97. Rh8+ Kg2 0-1

[Event "Early-Titled-Tuesday-Blitz-October-24-2023"]
[Site "Chess.com"]
[Date "2023.10.24"]
[Round "5"]
[White "FGHSMN"]
[Black "DefiantChair"]
[Result "0-1"]
[WhiteElo "2880"]
[BlackElo "2664"]
[TimeControl "180+1"]
[EndTime "8:57:28 PDT"]
[Termination "DefiantChair won by checkmate"]

1. c4 e6 2. Nc3 Nf6 3. Nf3 d5 4.
e3 c5 5. d4 Nc6 6. a3 b6 7. cxd5 exd5 8. Bb5 Bd7 9. O-O a6 10. Be2 cxd4 11. Nxd4 Nxd4 12. Qxd4 Bc5 13. Qd1 Be6 14. b4 Be7 15. Bb2 O-O 16. Bf3 a5 17. b5 Qd7 18. Qd4 Bc5 19. Qd3 Rad8 20. Na4 Bf5 21. Qb3 d4 22. exd4 Be6 23. Nxc5 bxc5 24. Qa4 cxd4 25. Qxa5 Bc4 26. Bc6 Qf5 27. Rfd1 Ne4 28.
Qe1 Nc3 29. Bxc3 dxc3 30. Qxc3 Bxb5 31. Rxd8 Rxd8 32. Bxb5 Qxb5 33. h3 h6 34. a4 Qa6 35. a5 Rd5 36. Qb4 Rg5 37. h4 Rg6 38. Qd4 Qa8 39. g3 Ra6 40. Qc5 Kh7 41. Ra3 Re6 42.
Qc2+ g6 43. Qd2 Re5 44. a6 Rd5 45. Qe1 Rd6 46. a7 Rd7 47. Qa1 h5 48. Ra5 Re7 49. Ra3 Rd7 50. f3 Rd2 51. Qc3 Rd1+ 52. Kf2 Rd7 53.
Qc5 Rb7 54. Qd4 Rc7 55. Qb6 Rb7 56. Qxb7 Qxb7 57. a8=Q Qb2+ 58. Kg1 Qc1+ 59. Kg2 Qc2+ 60. Kh3 Qf5+ 61. g4 Qb1 62. gxh5 Qh1+ 63. Kg3 Qg1+ 64.
Kf4 Qd4+ 65. Kg3 Qg1+ 66. Kh3 Qh1+ 67. Kg4 Qg1+ 68. Kf4 Qd4+ 69. Qe4 Qd6+ 70. Kg4 f5+ 71. Kg5 fxe4 72. Ra7+ Kg8 73. hxg6 Qc5+ 74. Kg4 Qxa7 75.
fxe4 Qd7+ 76. Kg5 Qe6 77. h5 Qxe4 78. h6 Qe5+ 79. Kg4 Qe6+ 80. Kg5 Qe5+ 81. Kg4 Qf6 82. h7+ Kg7 83. Kh3 Qxg6 84. Kh2 Kxh7 85. Kh3 Kg7 86.
Kh2 Kf6 87. Kh3 Kf5 88. Kh2 Kf4 89. Kh3 Kf3 90. Kh2 Qg2# 0-1

[Event "Early-Titled-Tuesday-Blitz-October-24-2023"]
[Site "Chess.com"]
[Date "2023.10.24"]
[Round "6"]
[White "publicaccountcze"]
[Black "vaniavindy"]
[Result "1-0"]
[WhiteElo "2318"]
[BlackElo "2157"]
[TimeControl "180+1"]
[EndTime "8:58:56 PDT"]
[Termination "publicaccountcze won by checkmate"]

1. e4 c6 2. d4 d5 3. f3 dxe4 4. fxe4 e5 5. Nf3 exd4 6. Bc4 Bd6 7. e5 Bxe5 8. Nxe5 Qa5+ 9. Kf2 Qxe5 10. Re1 f6 11. Rxe5+ fxe5 12. Qh5+ Kf8 13. Qf7# 1-0

[Event "Early-Titled-Tuesday-Blitz-October-24-2023"]
[Site "Chess.com"]
[Date "2023.10.24"]
[Round "6"]
[White "Road2GM3000"]
[Black "dimitrisl"]
[Result "0-1"]
[WhiteElo "2389"]
[BlackElo "2559"]
[TimeControl "180+1"]
[EndTime "8:59:30 PDT"]
[Termination "dimitrisl won by resignation"]

1. d4 Nf6 2. c4 g6 3. Nc3 Bg7 4. e4 d6 5. f4 O-O 6. Nf3 c5 7.
d5 e6 8. Be2 exd5 9. exd5 Bg4 10. O-O Nbd7 11. Bd3 Ne8 12. h3 Bxf3 13. Qxf3 f5 14.
Bd2 Nc7 15. Kh1 Qf6 16. Rae1 Rae8 17. Nd1 Qf7 18. Bc3 Bxc3 19. Nxc3 a6 20. a4 Qf6 21.
Qf2 Qd4 22. Qxd4 cxd4 23. b4 dxc3 0-1

[Event "Early-Titled-Tuesday-Blitz-October-24-2023"]
[Site "Chess.com"]
[Date "2023.10.24"]
[Round "6"]
[White "dennisodessa"]
[Black "parintele_chess"]
[Result "1-0"]
[WhiteElo "2551"]
[BlackElo "2259"]
[TimeControl "180+1"]
[EndTime "9:00:19 PDT"]
[Termination "dennisodessa won by resignation"]

1. d4 Nf6 2. c4 e6 3. Nc3 Bb4 4. Qc2 d5 5. a3 Bxc3+ 6. Qxc3 Ne4 7. Qc2 O-O 8. g3 c6 9. Bg2 f5 10. Nf3 Nd7 11. O-O b6 12. cxd5 cxd5 13. Qc6 Ndf6 14. Qxa8 Qd7 15. Ne5 Qc7 16. Qc6 1-0

[Event "Early-Titled-Tuesday-Blitz-October-24-2023"]
[Site "Chess.com"]
[Date "2023.10.24"]
[Round "6"]
[White "IlyaGrigorjev"]
[Black "IriBu"]
[Result "1-0"]
[WhiteElo "2916"]
[BlackElo "2577"]
[TimeControl "180+1"]
[EndTime "9:00:20 PDT"]
[Termination "IlyaGrigorjev won by resignation"]

1. e4 c5 2. Nf3 Nc6 3. b4 Nxb4 4. c3 Nc6 5. d4 cxd4 6. cxd4 d5 7.
exd5 Qxd5 8. Nc3 Qa5 9. Rb1 Bg4 10. Bd2 Bxf3 11. Qxf3 Nxd4 12. Qxb7 Rd8 13. Bb5+ Nxb5 14.
Rxb5 Rd7 15. Qxd7+ Kxd7 16. Rxa5 1-0

[Event "Early-Titled-Tuesday-Blitz-October-24-2023"]
[Site "Chess.com"]
[Date "2023.10.24"]
[Round "6"]
[White "Alexchess1984"]
[Black "jup1978"]
[Result "1-0"]
[WhiteElo "2708"]
[BlackElo "2493"]
[TimeControl "180+1"]
[EndTime "9:00:35 PDT"]
[Termination "Alexchess1984 won by resignation"]

1. e4 e5 2. Nc3 Nf6 3. d4 exd4 4. Qxd4 Nc6 5. Qd3 g6 6. f3 Bg7 7. Bg5 O-O 8. O-O-O h6 9. Be3 d6 10. Qd2 Kh7 11.
h4 Be6 12. Nh3 a6 13. Ng5+ hxg5 14. hxg5+ Kg8 15. g4 Re8 16. gxf6 Qxf6 17. g5 Qe5 18. Kb1 b5 19. f4 1-0

[Event "Early-Titled-Tuesday-Blitz-October-24-2023"]
[Site "Chess.com"]
[Date "2023.10.24"]
[Round "6"]
[White "balachess2006"]
[Black "yosephtaher"]
[Result "1-0"]
[WhiteElo "2579"]
[BlackElo "2740"]
[TimeControl "180+1"]
[EndTime "9:00:40 PDT"]
[Termination "balachess2006 won by checkmate"]

1. Nf3 Nf6 2. c4 g6 3. d4 Bg7 4.
g3 O-O 5. Bg2 d6 6. Nc3 Nbd7 7.
O-O e5 8. e4 exd4 9. Nxd4 Nc5 10.
h3 a5 11. Ndb5 Nfd7 12. Be3 Ne5 13. Bxc5 dxc5 14. Qxd8 Rxd8 15. Nxc7 Rb8 16. Rad1 Be6 17. Nxe6 fxe6 18. b3 Nxc4 19. bxc4 Bxc3 20. f4 Rxd1 21. Rxd1 Bd4+ 22. Kh2 b5 23. Rb1 b4 24. e5 a4 25.
Bc6 b3 26. Bxa4 bxa2 27. Rxb8+ Kg7 28. Rb7+ Kh6 29. g4 g5 30. Bc2 gxf4 31. Rxh7+ Kg5 32. Rh5# 1-0

[Event "Early-Titled-Tuesday-Blitz-October-24-2023"]
[Site "Chess.com"]
[Date "2023.10.24"]
[Round "6"]
[White "zeebraa"]
[Black "Aleksandar-Topalov"]
[Result "1-0"]
[WhiteElo "2303"]
[BlackElo "2387"]
[TimeControl "180+1"]
[EndTime "9:01:15 PDT"]
[Termination "zeebraa won by resignation"]

1. d4 Nf6 2. Bf4 c5 3. e3 e6 4. Nd2 Nc6 5. c3 Be7 6. Bd3 O-O 7. Ngf3 d6 8. h3 Re8 9. O-O Bf8 10. dxc5 dxc5 11. Nc4 Nd5 12. Bg3 b5 13. Nce5 Nxe5 14. Nxe5 c4 15. Be4 Bb7 16. Bxh7+ Kxh7 17. Qh5+ Kg8 18. Qxf7+ Kh7 19. Qg6+ Kg8 20. Qf7+ Kh7 21. Qxb7 Re7 22. Qxb5 Rb8 23. Qxc4 Rxb2 24. Bh4 Rc7 25. Bxd8 Rxc4 26. Nxc4 1-0

[Event "Early-Titled-Tuesday-Blitz-October-24-2023"]
[Site "Chess.com"]
[Date "2023.10.24"]
[Round "6"]
[White "jraosam"]
[Black "Fuzesabonyilaci"]
[Result "1-0"]
[WhiteElo "2151"]
[BlackElo "2355"]
[TimeControl "180+1"]
[EndTime "9:01:18 PDT"]
[Termination "jraosam won by resignation"]

1. e4 e6 2. d4 d5 3. Nc3 dxe4 4. Nxe4 Nd7 5. Nf3 Ngf6 6. Nxf6+ Nxf6 7. c3 Be7 8. Bc4 O-O 9. O-O b6 10. Ne5 Bb7 11.
Qe2 c5 12. dxc5 bxc5 13. Bg5 h6 14. Bxf6 Bxf6 15. Rad1 Bd5 16. Ng4 Re8 17. Bb5 Rf8 18. c4 a6 19. Ba4 Qa5 20. Nxf6+ gxf6 21. Qg4+ Kh8 22. cxd5 f5 23. Qh4 Kh7 24. dxe6 1-0

[Event "Early-Titled-Tuesday-Blitz-October-24-2023"]
[Site "Chess.com"]
[Date "2023.10.24"]
[Round "6"]
[White "RNG2200"]
[Black "milovichalex"]
[Result "0-1"]
[WhiteElo "2151"]
[BlackElo "2311"]
[TimeControl "180+1"]
[EndTime "9:01:20 PDT"]
[Termination "milovichalex won by resignation"]

1. d4 Nf6 2. Bg5 Ne4 3. Bf4 c5 4. f3 Nf6 5. d5 d6 6. e4 Nbd7 7. Nd2 g6 8. c3 Bg7 9. Bc4 O-O 10.
Ne2 Nh5 11. Be3 Ne5 12. a4 Nxc4 13. Nxc4 b6 14. Qc2 Ba6 15. Na3 e6 16. Nb5 exd5 17.
exd5 Re8 18. Bf2 Qg5 19. O-O Bxb5 20. axb5 Rxe2 21. Qxe2 Nf4 22. Be3 0-1

[Event "Early-Titled-Tuesday-Blitz-October-24-2023"]
[Site "Chess.com"]
[Date "2023.10.24"]
[Round "6"]
[White "Jojo_898"]
[Black "GatoRojo150"]
[Result "0-1"]
[WhiteElo "2355"]
[BlackElo "2595"]
[TimeControl "180+1"]
[EndTime "9:01:30 PDT"]
[Termination "GatoRojo150 won by resignation"]

1. e4 e5 2. Nf3 Nc6 3. Bc4 Nf6 4. d3 Be7 5. O-O O-O 6. h3 d6 7. a3 Kh8 8. Ng5 Qe8 9. f4 Ng8 10. f5 Bxg5 11. Bxg5 f6 12. Be3 Nge7 13. Nc3 Nd4 14. Ne2 Nxe2+ 15. Qxe2 c6 16. Qf3 d5 17. Ba2 Bd7 18. Bc5 b6 19. Bxe7 Qxe7 20. exd5 cxd5 21. Bxd5 Rac8 22. Qg4 Qc5+ 23. Kh1 Qxd5 24. Rf2 g6 0-1

[Event "Early-Titled-Tuesday-Blitz-October-24-2023"]
[Site "Chess.com"]
[Date "2023.10.24"]
[Round "6"]
[White "Josgar05"]
[Black "Smiechu"]
[Result "1-0"]
[WhiteElo "2375"]
[BlackElo "2482"]
[TimeControl "180+1"]
[EndTime "9:01:46 PDT"]
[Termination "Josgar05 won by resignation"]

1. Nf3 Nf6 2. g3 c5 3. Bg2 Nc6 4. O-O g6 5. d3 Bg7 6. e4 O-O 7. Nbd2 d6 8. Re1 Rb8 9. a4 a6 10. c3 b5 11. axb5 axb5 12. Qe2 b4 13. Nc4 Be6 14. Ne3 bxc3 15. bxc3 Ng4 16. Bd2 Rb2 17.
Qd1 Nxe3 18. Rxe3 Bg4 19. h3 Bxf3 20. Bxf3 Qb6 21. Re2 Rb8 22. Kh2 Ne5 23. Bg2 Nxd3 24. Be3 Rxe2 25. Qxe2 Qb2 26. Qxb2 Nxb2 27. Bg5 Kf8 28. Ra7 Re8 29. e5 h6 30. exd6 hxg5 31.
d7 Rd8 32. Ra8 1-0

[Event "Early-Titled-Tuesday-Blitz-October-24-2023"]
[Site "Chess.com"]
[Date "2023.10.24"]
[Round "6"]
[White "twitchTriniCupid"]
[Black "Levanzovsky"]
[Result "1-0"]
[WhiteElo "2335"]
[BlackElo "2466"]
[TimeControl "180+1"]
[EndTime "9:02:00 PDT"]
[Termination "twitchTriniCupid won by resignation"]

1. d4 Nf6 2. Nf3 c5 3. c4 cxd4 4. Nxd4 Nc6 5. Nc3 g6 6. g3 h5 7. h4 Ng4 8. Nxc6 bxc6 9. Qd4 e5 10. Qd3 Bc5 11. e3 O-O 12. Be2 d6 13. O-O Nf6 14. Bf3 Bh3 15. Rd1 Rc8 16. Na4 Qe7 17. Bg2 Bxg2 18. Kxg2 e4 19. Qd2 Ng4 20. b4 Qd7 1-0

[Event "Early-Titled-Tuesday-Blitz-October-24-2023"]
[Site "Chess.com"]
[Date "2023.10.24"]
[Round "6"]
[White "Sjakkerntobi"]
[Black "Arimin1329"]
[Result "1-0"]
[WhiteElo "2486"]
[BlackElo "2319"]
[TimeControl "180+1"]
[EndTime "9:02:02 PDT"]
[Termination "Sjakkerntobi won by resignation"]

1. e4 c6 2. Nc3 d5 3. Nf3 dxe4 4. Nxe4 Bf5 5. Ng3 Bg6 6. h4 h6 7. Ne5 Bh7 8. Qh5 g6 9. Bc4 e6 10. Qe2 Qf6 11. d4 Nd7 12. Nxd7 Kxd7 13. Be3 Bd6 14. Ne4 Qe7 15. O-O-O Nf6 16. Nxd6 Qxd6 17. Qf3 Ke7 18.
Bxh6 Nd5 19. Bg5+ Ke8 20. h5 gxh5 21. Rxh5 Rg8 22. Rxh7 Rxg5 23. Qxf7+ Kd8 24. Rh8+ 1-0

[Event "Early-Titled-Tuesday-Blitz-October-24-2023"]
[Site "Chess.com"]
[Date "2023.10.24"]
[Round "6"]
[White "ChessAdvanceUSA"]
[Black "GlacierGambit"]
[Result "1/2-1/2"]
[WhiteElo "2424"]
[BlackElo "2113"]
[TimeControl "180+1"]
[EndTime "9:02:03 PDT"]
[Termination "Game drawn by agreement"]

1. d4 e6 2. Nc3 Nf6 3. e4 d5 4.
Bg5 dxe4 5. Nxe4 Nbd7 6. Nf3 Be7 7. Bxf6 Nxf6 8. Bd3 b6 9. Nxf6+ Bxf6 10. Be4 Rb8 11. O-O Bb7 12. Qd3 Bxe4 13. Qxe4 O-O 14. Ne5 Qd5 15. Qxd5 exd5 16. Rfe1 Bxe5 17. Rxe5 Rfd8 18.
Re7 Rbc8 19. Rae1 Kf8 20. f4 Re8 21. Rxe8+ Rxe8 22. Rxe8+ Kxe8 23. Kf2 Ke7 24. a4 a5 25. Ke3 h5 26. g3 Ke6 27. h3 g6 28. g4 hxg4 29.
hxg4 f5 30. g5 Kd6 31. Kd3 c6 32. c3 Ke6 33. b3 Kd6 1/2-1/2

[Event "Early-Titled-Tuesday-Blitz-October-24-2023"]
[Site "Chess.com"]
[Date "2023.10.24"]
[Round "6"]
[White "Mikhail_Golubev"]
[Black "GM_DarwinLaylo"]
[Result "1-0"]
[WhiteElo "2537"]
[BlackElo "2623"]
[TimeControl "180+1"]
[EndTime "9:02:06 PDT"]
[Termination "Mikhail_Golubev won on time"]

1. e4 d5 2. exd5 Nf6 3. Nf3 Nxd5 4. d4 Nc6 5. Bc4 Bg4 6. O-O e6 7. c3 Be7 8. Nbd2 O-O 9. h3 Bh5 10. Re1 a6 11. Nf1 Bg6 12. Ng3 b5 13. Bd3 Na5 14.
Ne4 1-0

[Event "Early-Titled-Tuesday-Blitz-October-24-2023"]
[Site "Chess.com"]
[Date "2023.10.24"]
[Round "6"]
[White "Xqswdc"]
[Black "PinaSoprano"]
[Result "1-0"]
[WhiteElo "2337"]
[BlackElo "2209"]
[TimeControl "180+1"]
[EndTime "9:02:29 PDT"]
[Termination "Xqswdc won by resignation"]

1. e4 c5 2. Nf3 d6 3. c3 Nf6 4.
Be2 g6 5. O-O Bg7 6. Re1 O-O 7.
Bf1 e5 8. h3 Nc6 9. d4 exd4 10.
cxd4 cxd4 11. Nxd4 d5 12. Nxc6 bxc6 13. e5 Ne8 14. Bf4 Nc7 15. Nd2 Ne6 16. Bg3 c5 17. Rc1 Bb7 18. Nb3 Qb6 19. f4 c4+ 20. Bf2 Qc7 21. f5 gxf5 22. Qh5 Qe7 23. Nd4 Nxd4 24. Bxd4 Bc8 25. Re3 f4 26. Rf3 f6 27. exf6 Bxf6 28.
Bxf6 Rxf6 29. Qxd5+ Kg7 30. Qxa8 Bb7 31. Qxa7 1-0

[Event "Early-Titled-Tuesday-Blitz-October-24-2023"]
[Site "Chess.com"]
[Date "2023.10.24"]
[Round "6"]
[White "Doomfist26"]
[Black "kleinebeer98"]
[Result "0-1"]
[WhiteElo "2639"]
[BlackElo "2848"]
[TimeControl "180+1"]
[EndTime "9:02:31 PDT"]
[Termination "kleinebeer98 won by resignation"]

1. e4 e5 2. Nf3 Nc6 3. Bb5 f5 4.
d3 fxe4 5. dxe4 Nf6 6. Nc3 Bb4 7. O-O Bxc3 8. bxc3 d6 9. Bc4 Qe7 10. Rb1 Na5 11.
Bb5+ Bd7 12. Bg5 Bxb5 13. Rxb5 b6 14. Nh4 Qe6 15. f4 O-O 16. fxe5 Nxe4 17. Rxf8+ Rxf8 18. Qh5 g6 19. Qh6 Nxc3 20. h3 Nxb5 21. Bf6 Rxf6 22.
exf6 Qxf6 23. Nf3 Nd4 24. Ng5 Ne2+ 0-1

[Event "Early-Titled-Tuesday-Blitz-October-24-2023"]
[Site "Chess.com"]
[Date "2023.10.24"]
[Round "6"]
[White "koncheto"]
[Black "UmarovSabir"]
[Result "1-0"]
[WhiteElo "2543"]
[BlackElo "2321"]
[TimeControl "180+1"]
[EndTime "9:02:33 PDT"]
[Termination "koncheto won by resignation"]

1. e4 c6 2. d4 d6 3. Nc3 g6 4. h4 h5 5. Nf3 Bg7 6. a4 Bg4 7. Be3 a5 8. Qd2 Bxf3 9. gxf3 Na6 10. f4 Nf6 11. Rg1 Ng4 12. Be2 Nxe3 13. Qxe3 Nb4 14.
O-O-O Qb6 15. f5 Bh6 16. f4 O-O-O 17. fxg6 fxg6 18. Rxg6 Rdf8 19. Rf1 e5 20. Rxh6 Rxh6 21. fxe5 Rxf1+ 22. Bxf1 Rg6 23. Bh3+ Kb8 24. Bf5 Rf6 25. exf6 1-0

[Event "Early-Titled-Tuesday-Blitz-October-24-2023"]
[Site "Chess.com"]
[Date "2023.10.24"]
[Round "6"]
[White "jk13"]
[Black "Manukyan_Artak"]
[Result "1-0"]
[WhiteElo "2666"]
[BlackElo "2407"]
[TimeControl "180+1"]
[EndTime "9:02:40 PDT"]
[Termination "jk13 won by resignation"]

1. Nf3 g6 2. e4 Bg7 3. d4 c6 4.
Nc3 d5 5. h3 dxe4 6. Nxe4 Nf6 7. Nxf6+ exf6 8. Bc4 O-O 9. O-O Nd7 10. c3 Nb6 11.
Bd3 Be6 12. Re1 Qd7 13. Bd2 Nc4 14. Bc1 b5 15. Qc2 Rae8 16. b3 Nd6 17. Ba3 Bd5 18.
Nd2 f5 19. Bc5 Rxe1+ 20. Rxe1 Re8 21. Rxe8+ Nxe8 22. c4 bxc4 23. bxc4 Be6 24. Nf3 h6 25. Qa4 Nd6 26. d5 Ne4 27. Bxe4 fxe4 28. dxe6 Qxe6 29. Nd4 Qe5 30. Qxc6 Qf4 31. Ne2 Qd2 32. Ng3 Qe1+ 33. Nf1 Qa5 34. a3 Kh7 35. Bb4 Qd8 36. Qxe4 Bd4 37.
Qf3 1-0

[Event "Early-Titled-Tuesday-Blitz-October-24-2023"]
[Site "Chess.com"]
[Date "2023.10.24"]
[Round "6"]
[White "SashaKuzhilniy"]
[Black "Drags95"]
[Result "0-1"]
[WhiteElo "2645"]
[BlackElo "2832"]
[TimeControl "180+1"]
[EndTime "9:02:42 PDT"]
[Termination "Drags95 won by resignation"]

1. b3 d5 2. Bb2 Bf5 3. d3 e6 4.
Nd2 Nf6 5. g3 h6 6. Bg2 Be7 7.
e4 Bh7 8. Ngf3 O-O 9. Qe2 c5 10. O-O Nc6 11. Ne5 Nd4 12. Qd1 Qc7 13. f4 Rad8 14.
Kh1 dxe4 15. dxe4 b5 16. c3 Nc6 17. Nxc6 Qxc6 18. Qe2 Qd7 19. Rad1 Qd3 20. Qxd3 Rxd3 21. e5 Ng4 22. Be4 Nf2+ 23. Rxf2 Bxe4+ 24. Kg1 Rfd8 25. Re1 Bc6 26. Ne4 c4 27. b4 Rd1 28. Re2 Rxe1+ 29. Rxe1 Bxe4 30. Rxe4 Rd2 31. Bc1 Rd1+ 0-1

[Event "Early-Titled-Tuesday-Blitz-October-24-2023"]
[Site "Chess.com"]
[Date "2023.10.24"]
[Round "6"]
[White "dropstoneDP"]
[Black "Zhigalko_Sergei"]
[Result "1-0"]
[WhiteElo "3099"]
[BlackElo "2957"]
[TimeControl "180+1"]
[EndTime "9:02:45 PDT"]
[Termination "dropstoneDP won on time"]

1. e4 c5 2. Nf3 Nc6 3. d4 cxd4 4. Nxd4 Nf6 5. Nc3 e5 6. Ndb5 d6 7. Bg5 a6 8. Na3 b5 9. Nd5 Be7 10. Bxf6 Bxf6 11. c3 Bg5 12. Nc2 Ne7 13. Ncb4 O-O 14. a4 bxa4 15. Bc4 a5 16. Nxe7+ Qxe7 17. Nd5 Qb7 18. h4 Bd8 19. Qxa4 Bd7 20. Qc2 Rb8 21. b3 Kh8 22. h5 h6 23. O-O f5 24. exf5 Rxf5 25. Qe2 Rg5 26. f4 exf4 27. Rxf4 Bb6+ 28. Nxb6 Qxb6+ 29. Qf2 Qxf2+ 30. Rxf2 Rxh5 31. Raf1 1-0

[Event "Early-Titled-Tuesday-Blitz-October-24-2023"]
[Site "Chess.com"]
[Date "2023.10.24"]
[Round "6"]
[White "GAusal"]
[Black "Eloist"]
[Result "0-1"]
[WhiteElo "2291"]
[BlackElo "2464"]
[TimeControl "180+1"]
[EndTime "9:02:46 PDT"]
[Termination "Eloist won by checkmate"]

1. d4 e6 2. Nf3 Nf6 3. c4 b6 4. g3 Bb7 5. Bg2 Be7 6. O-O O-O 7. a3 c5 8. Bg5 h6 9. Bf4 cxd4 10. Qxd4 d6 11.
Nc3 e5 12. Bxe5 dxe5 13. Qxe5 Nc6 14. Qf5 Qc8 15. Qc2 Qe6 16. b3 Rad8 17. Rad1 Bxa3 18. e3 Nb4 19. Qe2 Ne4 20. Nxe4 Bxe4 21. Nd4 Qg6 22. Bxe4 Qxe4 23. Ra1 Rxd4 24. Rxa3 Rfd8 25. Rxa7 Nc6 26. Rb7 Ne5 27. Rxb6 Nf3+ 28. Kg2 Nh4+ 29. Kh3 Qg2# 0-1

[Event "Early-Titled-Tuesday-Blitz-October-24-2023"]
[Site "Chess.com"]
[Date "2023.10.24"]
[Round "6"]
[White "DKmirl"]
[Black "dianamirza"]
[Result "1-0"]
[WhiteElo "2293"]
[BlackElo "2009"]
[TimeControl "180+1"]
[EndTime "9:02:46 PDT"]
[Termination "DKmirl won by resignation"]

1. d4 Nf6 2. Nf3 g6 3. g3 Bg7 4. Bg2 O-O 5. O-O d6 6. Nc3 c5 7.
dxc5 dxc5 8. Qxd8 Rxd8 9. Be3 Na6 10. Rfd1 Bf5 11. Nh4 Bxc2 12. Rdc1 Bf5 13. Nxf5 gxf5 14.
Bxb7 Rab8 15. Bxa6 Rxb2 16. Rab1 Rdb8 17. Rxb2 Rxb2 18.
Bxc5 Nd7 19. Bxe7 Be5 20. a4 Nb6 21. Bc5 Bxc3 22. Rxc3 Nxa4 23. Rc1 Nxc5 24. Rxc5 Ra2 25. Bd3 a5 26. Rxf5 Kg7 27. Rxf7+ Kg8 28. Rxh7 a4 29.
Bc4+ Kxh7 30. Bxa2 1-0

[Event "Early-Titled-Tuesday-Blitz-October-24-2023"]
[Site "Chess.com"]
[Date "2023.10.24"]
[Round "6"]
[White "Orujov2008"]
[Black "MaxLeto"]
[Result "1-0"]
[WhiteElo "2745"]
[BlackElo "2557"]
[TimeControl "180+1"]
[EndTime "9:02:47 PDT"]
[Termination "Orujov2008 won by checkmate"]

1. e4 c5 2. Nf3 d6 3. d4 cxd4 4.
Nxd4 Nf6 5. Nc3 a6 6. h3 e6 7. g4 Be7 8. g5 Nfd7 9. h4 b5 10.
a3 Bb7 11. Be3 Nb6 12. f4 N8d7 13. h5 Qc7 14. f5 Nc5 15. fxe6 fxe6 16. Qg4 Bc8 17. Be2 O-O 18. h6 g6 19. Nb3 e5 20.
Qg2 Be6 21. Nxc5 dxc5 22. O-O-O b4 23. axb4 cxb4 24. Bxb6 Qxb6 25. Nd5 Bxd5 26. Rxd5 Rf2 27. Qg3 Rxe2 28. Qxe5 Qe3+ 29. Kb1 Qxe4 30. Qg7# 1-0